 Dungeon Crawl Stone Soup version 0.29-a0-330-g52719c12eb (webtiles) character file.

Game seed: 9962882280404226444

4186 kae the Arsonist (level 10, -8/59 HPs)
             Began as a Deep Elf Fire Elementalist on Apr 19, 2022.
             Was an Initiate of Ru.
             Mangled by a gnoll shaman
             ... wielding the +11 mace of kae's Exquisite Death {vorpal, rElec rF+++ Int+3 Stlth-}
              (9 damage)
             ... on level 8 of the Dungeon.
             The game lasted 00:08:07 (12377 turns).

kae the Arsonist (Deep Elf Fire Elementalist)      Turns: 12377, Time: 00:08:07

Health: -8/59      AC: 10    Str:  3    XL:     10   Next: 8%
Magic:  19/33      EV: 13    Int: 25    God:    Ru [......]
Gold:   379        SH:  5    Dex: 15    Spells: 12/25 levels left

rFire   . . .      SeeInvis .   C - +3 long sword (venom)
rCold   . . .      Faith    .   F - +0 buckler
rNeg    . . .      Spirit   .   y - +1 leather armour "Wafem" {rCorr Str-2 Slay+2}
rPois   +          Reflect  .   (no helmet)
rElec   .          Harm     .   i - +2 cloak
rCorr   +          Rampage  .   l - +2 pair of gloves
Will    +....                   (no boots)
Stlth   ++........              (no amulet)
HPRegen 0.19/turn               g - ring of poison resistance
MPRegen 0.23/turn               h - ring of magical power

@: no status effects
A: no striking features
a: Renounce Religion


You were on level 8 of the Dungeon.
You worshipped Ru.
Ru was noncommittal.
You visited 2 branches of the dungeon, and saw 9 of its levels.
You also visited: Ossuary.

You collected 379 gold pieces.

Inventory:

Hand Weapons
 C - a +3 long sword of venom (weapon)
Armour
 a - a +0 robe
 i - a +2 cloak (worn)
 l - a +2 pair of gloves (worn)
 y - the +1 leather armour "Wafem" (worn) {rCorr Str-2 Slay+2}
   (You found it on level 6 of the Dungeon)

   Str:       It affects your strength (-2).
   Slay:      It affects your accuracy & damage with ranged weapons and melee
   (+2).
   rCorr:     It protects you from acid and corrosion.
 F - a +0 buckler (worn)
Magical Staves
 d - a staff of air
Jewellery
 g - a ring of poison resistance (left hand)
 h - a ring of magical power (right hand)
 o - a ring of wizardry
 u - a ring of ice
Wands
 n - a wand of acid (4)
Scrolls
 j - 3 scrolls of amnesia
 p - 2 scrolls of brand weapon
 q - a scroll of enchant weapon
 r - 2 scrolls of enchant armour
 t - 3 scrolls of vulnerability
 A - 4 scrolls of teleportation
 B - 3 scrolls of identify
Potions
 b - a potion of magic
 c - 6 potions of heal wounds
 e - 10 potions of curing
 f - 5 potions of lignification
 k - a potion of might {unknown}
 m - 2 potions of mutation
 s - 2 potions of attraction
 v - a potion of flight {unknown}
 w - a potion of resistance {unknown}
 x - a potion of haste
 z - a potion of brilliance {unknown}
 D - a potion of degeneration {unknown}
 E - 2 potions of invisibility {unknown}


   Skills:
 + Level 5.4 Fighting
 * Level 6.6 Dodging
 - Level 2.4 Stealth
 + Level 2.6 Shields
 - Level 8.1 Spellcasting
 - Level 6.2 Conjurations
 - Level 9.4 Fire Magic


You had 12 spell levels left.
You knew the following spells:

 Your Spells              Type           Power      Damage    Failure   Level
a - Foxfire               Conj/Fire      100%       2x1d9     1%          1
b - Scorch                Fire           100%       2d10      1%          2
c - Conjure Flame         Conj/Fire      49%        6-21      1%          3
d - Inner Flame           Hex/Fire       33%        N/A       7%          3
e - Flame Wave            Conj/Fire      49%        2d10      6%          4

Your spell library contained the following spells:

 Spells                   Type           Power      Damage    Failure   Level
 Magic Dart               Conj           100%       1d8       1%          1
 Searing Ray              Conj           82%        2d7       1%          2
 Shock                    Conj/Air       100%       1d9       4%          1
 Summon Small Mammal      Summ           40%        N/A       16%         1
 Ensorcelled Hibernation  Hex/Ice        20%        N/A       24%         2
 Fulminant Prism          Conj/Hex       12%        3d9       38%         4
 Call Canine Familiar     Summ           10%        N/A       43%         3
 Portal Projectile        Hex/Tloc       20%        N/A       43%         3
 Spider Form              Tmut/Pois      10%        N/A       43%         3
 Summon Guardian Golem    Hex/Summ       10%        N/A       43%         3
 Swiftness                Air            10%        N/A       43%         3
 Airstrike                Air            5%         N/A       83%         4
 Anguish                  Hex/Necr       5%         N/A       83%         4
 Animate Dead             Necr           5%         N/A       83%         4
 Leda's Liquefaction      Hex/Erth       5%         N/A       83%         4
 Haunt                    Necr/Summ      5%         N/A       100%        7
 Malign Gateway           Summ/Tloc      5%         N/A       100%        7
 Infestation              Necr           5%         N/A       100%        8
 Summon Horrible Things   Summ           5%         N/A       100%        8


Dungeon Overview and Level Annotations

Branches:
Dungeon (8/15)             Temple (1/1) D:6            Lair (0/6) D:8
Ossuary (visited)

Altars:
Ashenzari
Cheibriados
Dithmenos
Elyvilon
Fedhas
Gozag
Hepliaklqana
Kikubaaqudgha
Makhleb
Nemelex Xobeh
Okawaru
Qazlal
Ru
Sif Muna
Trog
Uskayaw
Vehumet
Wu Jian
Xom
Yredelemnul
Zin
The Shining One

Annotations:
D:7 Maggie


Message History

Confirm with . or Enter, or press ? or * to list all spells.
Flames lash the gnoll shaman.
The gnoll shaman completely resists.
The gnoll shaman calls upon its god to speed up the gnoll.
The gnoll seems to speed up.
The gnoll attacks as you move away! The gnoll barely misses you.
Casting: Scorch (safe; 1% risk of failure)
Confirm with . or Enter, or press ? or * to list all spells.
The fire begins to smoulder!
The gnoll shaman hits you with the +11 mace of kae's Exquisite Death {vorpal, rElec rF+++ Int+3 Stlth-}.
Casting: Conjure Flame (safe; 1% risk of failure)
Confirm with . or Enter, or press ? or * to list all spells.
The fire ignites!
You are engulfed in blazing flames.
You block the gnoll shaman's attack.
The gnoll shaman attacks as you move away!
The gnoll shaman hits you with the +11 mace of kae's Exquisite Death {vorpal, rElec rF+++ Int+3 Stlth-}!
Casting: Conjure Flame (safe; 1% risk of failure)
Confirm with . or Enter, or press ? or * to list all spells.
You conjure some foxfire!
The gnoll shaman hits you with the +11 mace of kae's Exquisite Death {vorpal, rElec rF+++ Int+3 Stlth-}.
You block the gnoll shaman's attack.
Casting: Foxfire (safe; 1% risk of failure)
Confirm with . or Enter, or press ? or * to list all spells.
Flames lash the gnoll.
The gnoll is severely wounded.
The gnoll's fire resistance burns away.
The gnoll shaman closely misses you.
The gnoll shaman hits you but does no damage.
Casting: Scorch (safe; 1% risk of failure)
Confirm with . or Enter, or press ? or * to list all spells.
Flames lash the gnoll.
The gnoll is burned terribly!
You kill the gnoll!
The gnoll shaman hits you with the +11 mace of kae's Exquisite Death {vorpal, rElec rF+++ Int+3 Stlth-}!
* * * LOW HITPOINT WARNING * * *
x2 The gnoll shaman hits you with the +11 mace of kae's Exquisite Death {vorpal, rElec rF+++ Int+3 Stlth-}!
* * * LOW HITPOINT WARNING * * *
x2
Casting: Scorch (safe; 1% risk of failure)
Confirm with . or Enter, or press ? or * to list all spells.
Flames lash the gnoll shaman.
The gnoll shaman completely resists.
The gnoll shaman closely misses you.
The gnoll shaman hits you with the +11 mace of kae's Exquisite Death {vorpal, rElec rF+++ Int+3 Stlth-}!
You die...

### ## #.# #.
#.############ #.
#........@g).# #.
#.##########.# #. #.# #.#
#. #.# #.# #########.
#.##########.# #.......#.
#.#..........####.#####.#.
#.#.####.....#..........#.
#......'..........†.......
#.....##.....#.##.......#.


You could see a gnoll shaman.

Vanquished Creatures
  Prince Ribbit (D:6)
  A hornet (D:5)
  A wyvern (D:8)
  4 yaks (D:8)
  2 steam dragons
  Menkaure (Ossuary)
  2 water moccasins
  Duvessa (D:7)
  A sky beast (D:5)
  2 ice beasts
  2 centaurs (D:7)
  An ogre (D:4)
  A phantom (D:4)
  A kobold brigand (D:6)
  A bullfrog (D:8)
  2 necrophages
  4 scorpions
  Dowan (D:7)
  9 killer bees
  2 howler monkeys (D:6)
  A jelly (D:7)
  3 hounds
  An orc priest (D:4)
  3 gnoll shamans
  2 iguanas
  2 orc wizards
  3 mummies (Ossuary)
  10 gnolls
  8 adders
  2 shadow imps
  3 white imps
  2 worms
  2 dart slugs
  24 orcs
  8 ball pythons
  9 endoplasms
  2 giant cockroaches (D:2)
  4 gnoll zombies (Ossuary)
  9 goblins
  9 hobgoblins
  7 jackals
  9 quokkas
  A bat (D:1)
  A frilled lizard (D:2)
  5 gnoll skeletons (Ossuary)
  2 goblin skeletons (Ossuary)
  6 goblin zombies (Ossuary)
  3 hobgoblin skeletons (Ossuary)
  A hobgoblin zombie (Ossuary)
  8 kobolds
  7 kobold skeletons (Ossuary)
  2 kobold zombies (Ossuary)
  4 orc skeletons (Ossuary)
  8 orc zombies (Ossuary)
  8 rats
  4 rat skeletons (Ossuary)
  4 rat zombies (Ossuary)
227 creatures vanquished.

Vanquished Creatures (collateral kills)
  2 foxfires (D:2)
2 creatures vanquished.

Vanquished Creatures (others)
  690 foxfires
  23 plants (D:2)
713 creatures vanquished.

Grand Total: 942 creatures vanquished

Notes
Turn   | Place    | Note
-------+----------+-------------------------------------------
     0 | D:1      | kae the Deep Elf Fire Elementalist began the quest for the
                  | Orb.
     0 | D:1      | Reached XP level 1. HP: 10/10 MP: 6/6
   312 | D:1      | Reached XP level 2. HP: 15/15 MP: 6/8
   920 | D:1      | Learned a level 2 spell: Scorch
  1403 | D:2      | Reached XP level 3. HP: 10/20 MP: 1/9
  1405 | D:2      | Reached skill level 4 in Fire Magic
  1809 | D:2      | Reached skill level 1 in Fighting
  2100 | D:2      | Reached XP level 4. HP: 25/25 MP: 9/11
  2271 | D:2      | Found a faded altar of an unknown god.
  2627 | D:3      | Learned a level 3 spell: Conjure Flame
  2631 | D:3      | Learned a level 3 spell: Inner Flame
  2691 | D:3      | Noticed a scorpion
  2698 | D:3      | Killed a scorpion
  2699 | D:3      | Reached XP level 5. HP: 24/29 MP: 4/13
  3412 | D:3      | Reached skill level 5 in Fire Magic
  4214 | D:4      | Reached XP level 6. HP: 35/35 MP: 11/15
  4223 | D:4      | Reached skill level 5 in Spellcasting
  4984 | D:5      | Entered Level 5 of the Dungeon
  5005 | D:5      | Reached skill level 6 in Fire Magic
  5005 | D:5      | Reached XP level 7. HP: 39/40 MP: 13/17
  5332 | D:5      | Noticed a hornet
  5342 | D:5      | Killed a hornet
  5587 | D:5      | Reached skill level 7 in Fire Magic
  5587 | D:5      | Reached XP level 8. HP: 16/46 MP: 19/19
  5814 | D:5      | Learned a level 4 spell: Flame Wave
  6356 | D:6      | Found a staircase to the Ecumenical Temple.
  6490 | Temple   | Entered the Ecumenical Temple
  6725 | Temple   | Became a worshipper of Ru the Awakened
  6775 | D:6      | Identified the +1 leather armour "Wafem" {rCorr Str-2
                  | Slay+2}
  6821 | D:6      | Reached skill level 5 in Conjurations
  6899 | D:6      | Reached skill level 8 in Fire Magic
  7862 | D:7      | Noticed a +0 hand axe
  7862 | D:7      | Noticed a +0 dagger
  7873 | D:7      | Found a hide-covered altar of Uskayaw.
  7876 | D:7      | Found a sand-covered staircase.
  7888 | Ossuary  | Entered an ossuary
  8737 | Ossuary  | Noticed Menkaure
  8741 | Ossuary  | Killed Menkaure
  9036 | D:7      | Noticed Maggie
  9053 | D:7      | Noticed Dowan
  9059 | D:7      | Noticed Prince Ribbit
  9075 | D:6      | Killed Prince Ribbit
  9076 | D:6      | Reached XP level 9. HP: 27/52 MP: 22/22
  9272 | D:7      | Noticed Duvessa
  9284 | D:7      | Killed Duvessa
  9300 | D:7      | Killed Dowan
  9301 | D:7      | Reached skill level 9 in Fire Magic
 11023 | D:8      | Reached skill level 1 in Shields
 11459 | D:8      | Reached skill level 5 in Fighting
 11606 | D:8      | Reached skill level 5 in Dodging
 11813 | D:8      | Reached XP level 10. HP: 55/59 MP: 24/24
 11844 | D:8      | Found a staircase to the Lair.
 12361 | D:8      | Identified the +11 mace of kae's Exquisite Death {vorpal,
                  | rElec rF+++ Int+3 Stlth-}
 12375 | D:8      | HP: 1/59 [gnoll shaman/the +11 mace of kae's Exquisite
                  | Death {vorpal, rElec rF+++ Int+3 Stlth-} (2)]
 12377 | D:8      | Mangled by a gnoll shaman

Illustrated notes

Levels and vault maps discovered:
D:1:      psy_arrival_terrarium, layout_basic, chequers_serial_rivers_room_a
D:2:      layout_loops_corners, serial_bayou, serial_bayou_pond_b,
          serial_bayou_pond_d, serial_bayou_pond_b, serial_bayou_pond_b,
          serial_bayou_lagoon_a, shapermc_ecumenical_altar_flowoftime
D:3:      layout_loops_cross
D:4:      layout_basic, minmay_three_crescents
D:5:      layout_loops_ring
D:6:      layout_cave_pods, minmay_temple_entry_statues_pillars,
          chequers_avenue, hellmonk_bongcloud_opening
D:7:      layout_layer_cave, dancing_weapons_uskayaw,
          lightli_ossuary_entry_decrepit_ruins, uniq_prince_ribbit1,
          uniq_maggie, uniq_duvessa
D:8:      layout_basic, lair_entry_dummy
Temple:   mainiacjoe_temple_archimedes_tessellation

Skill      XL: |  1  2  3  4  5  6  7  8  9 |
---------------+----------------------------+-----
Fire Magic     | 4 5 6 7 8 9 |  9.4
Fighting       | 1 2 3 4 5 |  5.4
Conjurations   | 2 3 4 5 6 |  6.2
Spellcasting   | 4 5 6 7 8 |  8.1
Dodging        | 6 |  6.6
Shields        | 2 |  2.6
Stealth        | |  2.4

Action                   |  1- 3 |  4- 6 |  7- 9 | 10-12 || total
-------------------------+-------+-------+-------+-------++-------
Melee: Long sword        |       |       |    12 |       ||    12
 Cast: Foxfire           |    86 |    74 |   240 |     7 ||   407
       Scorch            |     5 |    26 |    61 |    16 ||   108
       Conjure Flame     |       |       |    16 |     5 ||    21
Invok: Reject Sacrifices |       |       |     1 |       ||     1
  Use: Scroll            |     3 |     6 |    13 |       ||    22
       Potion            |       |     1 |       |       ||     1
 Stab: Sleeping          |       |       |     1 |       ||     1
Armor: Robe              |     2 |     3 |     1 |       ||     6
       Leather armour    |       |       |    25 |     3 ||    28
Dodge: Dodged            |    18 |    23 |    48 |     9 ||    98
Block: Buckler           |       |       |     6 |     4 ||    10

Table legend: (Time is in decaauts)
 A = Elapsed time spent in this place.
 B = Non-inter-level travel time spent in this place.
 C = Inter-level travel time spent in this place.
 D = Time resting spent in this place.
 E = Time spent auto-exploring this place.
 F = Levels seen in this place.
 G = Mean time per level.
                   A        B        C        D        E       F      G
               +--------+--------+--------+--------+--------+-----+--------+
         Total |  12402 |  11790 |    612 |    608 |   9424 |  10 | 1240.2 |
       Dungeon |  11189 |  10647 |    542 |    446 |   8753 |   8 | 1398.6 |
        Temple |    263 |    193 |     70 |      0 |    174 |   1 |  263.0 |
       Ossuary |    949 |    949 |      0 |    162 |    497 |   1 |  949.0 |
               +--------+--------+--------+--------+--------+-----+--------+

Top non-repeatable levels by time:
     D:7: 1886 daAuts
     D:8: 1516 daAuts
     D:2: 1491 daAuts
     D:6: 1458 daAuts
     D:5: 1324 daAuts
     D:4: 1219 daAuts
     D:3: 1145 daAuts
     D:1: 1145 daAuts
 Ossuary: 949 daAuts
  Temple: 263 daAuts
